 Dungeon Crawl Stone Soup version 0.23.2-30-g0e89c35649 (webtiles) character file.

Game seed: 9686150477913687289

36176 HawkI the Devastator (level 13, -5/54 HPs)
             Began as a Felid Conjurer on June 9, 2019.
             Was a Follower of Elyvilon.
             Hit by a death yak thrown by Polyphemus (27 damage)
             ... on level 2 of the Shoals on June 11, 2019.
             The game lasted 06:11:10 (65396 turns).

HawkI the Devastator (Felid Conjurer)              Turns: 65396, Time: 06:11:11

Health: -5/54      AC:  3    Str:  4    XL:     13   Next: 51%
Magic:  23/32      EV: 31    Int: 23    God:    Elyvilon [*.....]
Gold:   491        SH:  4    Dex: 17    Spells: 12/41 levels left
                                        Lives:  0   Deaths: 4

rFire    . . .     SeeInvis +   (weapon unavailable)
rCold    + . .     Gourm    .   (shield unavailable)
rNeg     + . .     Faith    .   (armour unavailable)
rPois    .         Spirit   .   (helmet unavailable)
rElec    .         Reflect  +   (cloak unavailable)
rCorr    .         Harm     .   (gloves unavailable)
MR       +....                  (boots unavailable)
Stlth    +++++.....             t - +4 amulet of reflection
HPRegen  0.18/turn              H - ring of positive energy
MPRegen  0.23/turn              M - +4 ring of evasion

@: quick
A: very small, no armour, no weapons or thrown items, stealth, claws 1, fangs 3,
see invisible, carnivore, speed 1, shaggy fur 3, slow metabolism 1, sharp paws
a: Lesser Healing, Divine Protection, Renounce Religion


You were on level 2 of the Shoals.
You worshipped Elyvilon.
Elyvilon was aware of your devotion.
You were not hungry.

You visited 6 branches of the dungeon, and saw 29 of its levels.

You collected 2795 gold pieces.
You spent 2304 gold pieces at shops.

Inventory:

Jewellery
 k - an uncursed ring of ice
 t - a +4 amulet of reflection (around neck)
 H - a ring of positive energy (left paw)
 L - an uncursed ring of stealth
 M - a +4 ring of evasion (right paw)
 N - an uncursed amulet of guardian spirit
 P - an uncursed ring of positive energy
 R - an uncursed amulet of magic regeneration
 S - an uncursed ring of resist corrosion
Wands
 d - a wand of flame (7)
 C - a wand of scattershot (2)
 D - a wand of polymorph (18)
 Q - a wand of iceblast (10)
Scrolls
 a - 4 scrolls of magic mapping
 g - 3 scrolls of enchant armour
 i - 2 scrolls of immolation
 n - 2 scrolls of identify
 p - a scroll of summoning
 u - 5 scrolls of amnesia
 v - 11 scrolls of remove curse
 y - a scroll of silence
 B - a scroll of teleportation
 E - a scroll of torment
 F - 2 scrolls of vulnerability
Potions
 c - 4 potions of might
 e - 2 potions of flight
 f - 3 potions of curing
 j - 2 potions of haste
 l - a potion of mutation
 m - a potion of lignification
 r - a potion of ambrosia
 s - a potion of brilliance
 J - 2 potions of heal wounds
 K - a potion of resistance
 O - a potion of berserk rage
Miscellaneous
 o - a lamp of fire (inert)
 x - a lightning rod (4/4)
 G - a phial of floods (inert)
Comestibles
 b - 41 rations


   Skills:
 - Level 4.4 Fighting
 - Level 11.2 Dodging
 - Level 10.0 Stealth
 + Level 14.7 Spellcasting
 - Level 15.0 Conjurations
 - Level 1.3 Translocations
 - Level 10.6 Invocations
 - Level 9.7 Evocations


You had 12 spell levels left.
You knew the following spells:

 Your Spells              Type           Power        Failure   Level  Hunger
a - Magic Dart            Conj           ####         0%          1    None
b - Searing Ray           Conj           ######       0%          2    None
c - Iskenderun's Mystic   Conj           ######..     1%          4    None
d - Dazzling Spray        Conj/Hex       ######       1%          3    None
e - Conjure Flame         Conj/Fire      ######..     1%          3    None
f - Summon Small Mammal   Summ           ###.         3%          1    None
g - Apportation           Tloc           ###...       1%          1    None
h - Poisonous Vapours     Pois/Air       ###...       5%          2    None
i - Force Lance           Conj/Tloc      ######..     1%          4    None
j - Ozocubu's Armour      Chrm/Ice       ###.....     11%         3    None
k - Mephitic Cloud        Conj/Pois/Air  #####...     1%          3    None
l - Passwall              Tmut/Erth      ###.....     5%          2    None

Your spell library contained the following spells:

 Spells                   Type           Power        Failure   Level  Hunger
 Throw Frost              Conj/Ice       ######       1%          2    None
 Stone Arrow              Conj/Erth      ######       1%          3    None
 Fulminant Prism          Conj/Hex       ######....   1%          4    None
 Throw Icicle             Conj/Ice       ######..     1%          4    None
 Animate Skeleton         Necr           N/A          3%          1    None
 Confusing Touch          Hex            ###...       3%          1    None
 Freeze                   Ice            ###.         3%          1    None
 Sandblast                Erth           ###...       3%          1    None
 Ensorcelled Hibernation  Hex/Ice        ###...       5%          2    None
 Bolt of Magma            Conj/Fire/Erth #####.....   12%         5    ###....
 Iron Shot                Conj/Erth      ######....   24%         6    #####..
 Leda's Liquefaction      Hex/Erth       ###.......   34%         4    None
 Petrify                  Tmut/Erth      ###.....     34%         4    None
 Summon Ice Beast         Ice/Summ       ###.....     34%         4    None
 Freezing Cloud           Conj/Ice/Air   #####.....   56%         6    #####..
 Borgnjor's Vile Clutch   Necr/Erth      ###.......   67%         5    ###....
 Lee's Rapid Deconstruct  Erth           ###.......   67%         5    ###....
 Silence                  Hex/Air        ###.......   67%         5    ###....
 Darkness                 Hex            ###.......   99%         6    #####..
 Shadow Creatures         Summ           N/A          99%         6    #####..
 Statue Form              Tmut/Erth      ###......    99%         6    #####..
 Ring of Flames           Chrm/Fire      ###.......   100%        7    ######.
 Shatter                  Erth           ###.......   100%        9    #######


Dungeon Overview and Level Annotations

Branches:
Dungeon (15/15)            Temple (1/1) D:5            Lair (6/6) D:8
 Shoals (3/4) Lair:4        Snake (2/4) Lair:4        Slime (0/5) Lair:5
    Orc (2/2) D:9             Elf (0/3) Orc:2        Vaults (0/5) D:14
 Depths (0/5) D:15

Altars:
Ashenzari
Cheibriados
Dithmenos
Elyvilon
Fedhas
Gozag
Hepliaklqana
Kikubaaqudgha
Makhleb
Nemelex Xobeh
Okawaru
Qazlal
Ru
Sif Muna
Trog
Uskayaw
Vehumet
Wu Jian
Xom
Yredelemnul
Zin
The Shining One
Beogh
Jiyva

Shops:
D:4 (   D:6 }?   D:9 }   D:14 *   Orc:2 (*?[   Shoals:1 :

Annotations:
D:13 2 transporters, grocchini's ghost, journeyman TeAE
Lair:3 exclusion: 2 oklob plants
Shoals:2 Polyphemus
Snake:2 Vashnia


Innate Abilities, Weirdness & Mutations

You cannot wear armour.
You are incapable of wielding weapons or throwing items.
Your paws allow you to move quietly. (Stealth)
You have sharp claws.
You have razor-sharp teeth.
You have supernaturally acute eyesight. (SInv)
You are carnivorous and can eat meat at any time.
You cover ground quickly.
Your thick and shaggy fur keeps you warm. (AC +3, rC+)
You have a slow metabolism.
Your sharp claws are effective at attacking unaware monsters.


Message History

Polyphemus throws a large rock.
The large rock misses you.
You hear a splash.
Polyphemus is engulfed in blazing flames.
Polyphemus throws a large rock.
The large rock misses you.
You hear a splash.
Evoke which item? (* to show all) (? for menu, Esc to quit)
Aiming: Iceblast
Press: ? - help, Shift-Dir - straight line, f/p - Polyphemus
Aim: Polyphemus (flame, moderately wounded)
The mass of ice explodes!
The iceblast engulfs Polyphemus!
Polyphemus is moderately wounded.
You hear a bellow!
Polyphemus is engulfed in blazing flames.
Polyphemus throws a large rock.
The large rock hits you!!
Ouch! That really hurt!
The death yak is engulfed in blazing flames.
Polyphemus is engulfed in blazing flames.
Polyphemus throws the death yak at you!
Ouch! That really hurt!
You die...

.≈≈≈≈≈≈≈PP≈≈≈..≈≈.≈≈.≈≈≈...≈
#.≈≈≈≈≈≈≈≈≈≈.####.)≈..>§≈≈≈≈≈Y...
.....≈..≈≈≈..## ###.##§§≈≈≈≈≈..≈≈
≈.......≈≈≈...# #.##C≈≈≈≈≈≈≈≈≈.
..≈..≈.≈.....## #Y.§...≈≈≈≈≈≈≈≈
##≈≈≈≈≈≈....## #.§≈...≈≈≈≈≈≈≈$
##.≈≈≈≈≈<..## ##.§≈≈≈..≈≈≈≈≈≈≈
...≈≈......# ###..☼..###...≈≈≈≈
...≈≈≈.....#####@(.Y...###...≈≈≈≈
.#...≈...≈.....Y..≈(≈.......≈≈≈≈≈
.#...≈≈..≈≈≈..≈.≈((≈≈≈≈≈≈..≈≈≈≈≈≈
<...≈≈≈≈≈≈≈≈≈≈≈≈≈≈≈≈≈≈≈≈≈..≈≈≈≈≈≈
...≈≈≈≈≈≈≈≈≈≈≈≈≈≈≈≈≈≈≈≈≈≈.≈≈≈≈≈≈≈
.....≈≈≈≈≈≈≈≈≈≈≈≈≈≈≈≈≈≈≈≈≈≈≈≈≈≈≈.
.≈≈....≈≈≈≈≈≈≈≈≈≈≈≈≈≈≈≈≈≈≈≈≈≈≈≈..
≈≈≈≈≈≈.≈≈≈≈≈≈≈≈≈≈≈≈≈≈≈≈≈≈≈≈≈≈≈≈..
≈≈≈≈≈≈≈≈≈≈≈≈≈≈≈≈≈≈≈≈≈≈≈≈≈≈≈≈≈≈≈..


You could see Polyphemus and 2 death yaks.

Vanquished Creatures
  Gastronok (Lair:3)
  Kirke (Shoals:1)
  Azrael (D:15)
  A merfolk javelineer (Shoals:1)
  A hydra (Lair:4)
  3 naga warriors
  Fannar (Lair:1)
  A merfolk avatar (Shoals:1)
  3 anacondas
  2 centaur warriors
  10 two-headed ogres
  Erica (D:9)
  A tengu warrior (D:10)
  Urug (Lair:1)
  4 naga sharpshooters
  4 sea snakes (Shoals:2)
  A deep troll (shapeshifter) (D:14)
  An unseen horror (D:10)
  2 naga ritualists (Snake:2)
  An orc knight (Orc:2)
  A wolf spider zombie (D:13)
  Pikel (D:5)
  3 fauns (Shoals:2)
  5 mana vipers
  4 manticores
  10 ugly things
  2 cyclopes
  2 salamanders (Snake:2)
  Maurice (D:8)
  24 black mambas
  A merfolk siren (Lair:4)
  5 naga magi
  14 spiny frogs
  Joseph (D:10)
  3 centaur skeletons
  8 komodo dragons
  An efreet (D:14)
  3 yaktaurs (D:15)
  A tengu conjurer (D:13)
  2 trolls
  2 polar bears
  Grinder (D:3)
  5 merfolk
  19 blink frogs
  A snapping turtle (Shoals:2)
  A wind drake (Lair:4)
  A harpy skeleton (D:14)
  10 hippogriffs
  A slime creature (shapeshifter) (D:14)
  3 slime creatures
  A meliai zombie (D:12)
  A tyrant leech (Lair:6)
  A spriggan (shapeshifter) (D:11)
  2 water elementals
  A wyvern (Lair:5)
  3 fire elementals (D:15)
  6 hogs
  33 yaks
  A steam dragon (D:9)
  4 hungry ghosts
  A hog (shapeshifter) (D:12)
  4 vampire mosquitoes (Lair:6)
  Edmund (D:5)
  Menkaure (D:7)
  3 wargs (Orc:2)
  14 nagas
  6 water moccasins
  8 porcupines
  41 orc warriors
  A slave (D:5)
  4 sky beasts
  A hornet zombie (D:13)
  An eye of draining (D:12)
  2 necrophages
  2 black bears
  7 ice beasts
  2 phantoms
  4 wolves
  11 ogres
  8 centaurs
  8 crocodiles
  3 big kobolds
  Blork the orc (D:6)
  26 bullfrogs
  3 wyvern skeletons
  21 killer bees
  3 scorpions
  18 wights
  2 crimson imps
  3 electric eels (D:6)
  8 howler monkeys
  3 centaur zombies
  3 hounds
  2 quasits
  6 jellies
  14 orc priests
  A bullfrog skeleton (D:8)
  Ijyb (D:5)
  10 iguanas
  5 worker ants
  Natasha (thrice) (D:3)
  21 orc wizards
  2 hound zombies (D:9)
  A howler monkey zombie (D:10)
  A worker ant zombie (D:9)
  A howler monkey skeleton (D:8)
  19 adders
  6 shadow imps
  2 worms (D:2)
  5 dart slugs
  4 leopard geckos
  88 orcs
  3 ball pythons
  2 giant cockroaches
  5 goblins
  7 hobgoblins
  13 jackals
  5 quokkas
  8 bats
  3 frilled lizards
  19 kobolds
  7 rats
718 creatures vanquished.

Vanquished Creatures (collateral kills)
  A naga sharpshooter (Snake:1)
  An ugly thing (D:14)
2 creatures vanquished.

Vanquished Creatures (others)
  2 ogre magi
  A centaur warrior (D:14)
  3 death yaks (D:8)
  A spiny frog (Lair:6)
  A queen bee (D:9)
  A blink frog (Lair:6)
  A hippogriff (Shoals:1)
  Sigmund (D:6)
  A water elemental (Shoals:1)
  3 yaks
  A vampire mosquito (Lair:6)
  A naga (Snake:2)
  An orc warrior (Orc:2)
  2 slaves (D:6)
  A wolf (Lair:6)
  2 centaurs (Orc:2)
  2 bullfrogs
  4 killer bees (D:9)
  An electric eel (D:6)
  2 orc priests
  An orc wizard (D:6)
  A leopard gecko (D:6)
  3 orcs
  13 fungi
  56 plants
106 creatures vanquished.

Grand Total: 826 creatures vanquished

Notes
Turn   | Place    | Note
-------+----------+-------------------------------------------
     0 | D:1      | HawkI the Felid Conjurer began the quest for the Orb.
     0 | D:1      | Reached XP level 1. HP: 7/7 MP: 4/4
   667 | D:1      | Reached XP level 2. HP: 11/11 MP: 4/6
  1532 | D:1      | Reached XP level 3. HP: 14/14 MP: 2/8
  1875 | D:2      | Learned a level 2 spell: Searing Ray
  2215 | D:2      | Reached XP level 4. HP: 18/18 MP: 7/11
  2664 | D:2      | Found a blossoming altar of Fedhas.
  2694 | D:2      | Reached skill level 4 in Conjurations
  2881 | D:2      | Found a white marble altar of Elyvilon.
  2888 | D:2      | Became a worshipper of Elyvilon the Healer
  3361 | D:3      | Reached XP level 5. HP: 21/21 MP: 7/12
  4115 | D:3      | Found an iron altar of Okawaru.
  4117 | D:3      | Found a hide-covered altar of Uskayaw.
  4339 | D:3      | Gained mutation: You are covered in thick fur. (AC +2)
                  | [Felid growth]
  4339 | D:3      | Reached XP level 6. HP: 14/24 MP: 2/14
  4389 | D:3      | Noticed Natasha
  4490 | D:3      | Found a hazy altar of Hepliaklqana.
  4490 | D:3      | Noticed Grinder
  4609 | D:3      | Killed Natasha
  4770 | D:3      | Paralysed by Grinder for 3 turns
  4773 | D:3      | Killed Grinder
  4974 | D:3      | Noticed Natasha
  5031 | D:3      | Killed Natasha
  5031 | D:3      | Reached XP level 7. HP: 27/27 MP: 10/15
  5095 | D:3      | Reached * piety under Elyvilon
  5096 | D:3      | Noticed Natasha
  5100 | D:3      | Killed Natasha
  5100 | D:3      | Reached skill level 5 in Conjurations
  5166 | D:4      | Learned a level 4 spell: Iskenderun's Mystic Blast
  5398 | D:4      | Reached skill level 5 in Spellcasting
  5604 | D:4      | Reached ** piety under Elyvilon
  5763 | D:4      | Found Kitubome's Weapon Emporium.
  6041 | D:5      | Entered Level 5 of the Dungeon
  6543 | D:5      | Noticed Ijyb
  6553 | D:5      | Killed Ijyb
  6553 | D:5      | Reached skill level 1 in Fighting
  7124 | D:5      | Found a burning altar of Makhleb.
  7139 | D:5      | Reached XP level 8. HP: 32/32 MP: 11/18
  7343 | D:5      | Found a staircase to the Ecumenical Temple.
  7355 | Temple   | Entered the Ecumenical Temple
  7838 | D:5      | Found a shadowy altar of Dithmenos.
  8004 | D:6      | Noticed Pikel
  8104 | D:5      | Killed Pikel
  8104 | D:5      | Reached skill level 5 in Stealth
  8104 | D:5      | Reached skill level 6 in Conjurations
  8837 | D:5      | Reached skill level 1 in Invocations
  9084 | D:6      | Found Fadghot's Magic Scroll Emporium.
  9099 | D:6      | Reached XP level 9. HP: 36/36 MP: 15/20
  9271 | D:6      | Noticed Edmund
  9361 | D:5      | Killed Edmund
 10014 | D:6      | Killed Sigmund
 10121 | D:6      | Reached *** piety under Elyvilon
 10144 | D:6      | Reached skill level 7 in Conjurations
 10178 | D:6      | Reached skill level 5 in Dodging
 10270 | D:6      | You fall through a shaft!
 10470 | D:6      | Found Baemaiz's Gadget Shoppe.
 10616 | D:6      | Noticed Blork the orc
 10630 | D:6      | Killed Blork the orc
 11507 | D:6      | Elyvilon protects you from harm!
 12008 | D:6      | Found a deep blue altar of Sif Muna.
 12614 | D:7      | Reached skill level 5 in Evocations
 12800 | D:7      | Found a shimmering altar of Xom.
 12802 | D:7      | Noticed Menkaure
 13201 | D:7      | Killed Menkaure
 13822 | D:8      | Found an opulent altar of Gozag.
 13823 | D:8      | Found a sparkling altar of Nemelex Xobeh.
 14249 | D:8      | Found a staircase to the Lair.
 14249 | D:8      | Noticed a death yak
 14249 | D:8      | Noticed a death yak
 14249 | D:8      | Noticed a death yak
 14250 | D:8      | Noticed a death yak
 14329 | D:7      | HP: 1/37 [orc wizard/magic dart (11)]
 14337 | D:7      | Reached XP level 10. HP: 16/40 MP: 8/23
 15692 | D:8      | Found an ornate altar of the Wu Jian Council.
 15850 | D:9      | Reached skill level 5 in Invocations
 15911 | D:9      | Found Ontedgh's Gadget Boutique.
 16150 | D:9      | Found a staircase to the Orcish Mines.
 16700 | D:9      | Noticed a white ugly thing
 16984 | D:8      | Noticed Maurice
 16994 | D:8      | Killed Maurice
 16994 | D:8      | Reached skill level 8 in Conjurations
 17253 | D:8      | Pacified a death yak
 17255 | D:8      | Pacified a death yak
 17262 | D:8      | Killed a death yak
 17277 | D:8      | Killed a death yak
 17284 | D:8      | Killed a death yak
 17312 | D:8      | Pacified a death yak
 18426 | D:9      | Noticed Erica
 18626 | D:9      | Killed Erica
 18626 | D:9      | Reached XP level 11. HP: 44/44 MP: 24/24
 18751 | Lair:1   | Entered Level 1 of the Lair of Beasts
 19303 | Lair:1   | Noticed Urug
 19357 | Lair:1   | Noticed Fannar
 19371 | Lair:1   | Learned a level 3 spell: Dazzling Spray
 19446 | Lair:1   | Killed Urug
 19844 | Lair:2   | Learned a level 3 spell: Conjure Flame
 20277 | Lair:2   | HP: 2/45 [blink frog (18)]
 20867 | Lair:2   | Reached skill level 9 in Conjurations
 21077 | Lair:1   | Reached **** piety under Elyvilon
 21541 | Lair:3   | Noticed Gastronok
 22275 | Lair:3   | Killed Gastronok
 22567 | Lair:3   | Noticed an oklob plant
 22567 | Lair:3   | Noticed an oklob plant
 22814 | Lair:3   | Reached skill level 10 in Spellcasting
 22980 | Lair:3   | Noticed an eight-headed hydra
 22987 | Lair:3   | Noticed a seven-headed hydra
 22990 | Lair:3   | Pacified a seven-headed hydra
 22997 | Lair:3   | Pacified an eight-headed hydra
 23014 | Lair:3   | Gained mutation: Your thick and shaggy fur keeps you warm.
                  | (AC +3, rC+) [Felid growth]
 23014 | Lair:3   | Reached XP level 12. HP: 43/48 MP: 19/27
 23204 | Lair:3   | Noticed a seven-headed hydra
 23896 | Lair:3   | Noticed a seven-headed hydra
 23900 | Lair:3   | Pacified a seven-headed hydra
 24043 | Lair:3   | Noticed a seven-headed hydra
 24054 | Lair:3   | Pacified a seven-headed hydra
 24054 | Lair:3   | HP: 2/48 [seven-headed hydra (3)]
 24054 | Lair:3   | Elyvilon protects you from harm!
 24054 | Lair:3   | Slain by a seven-headed hydra
 24055 | Lair:3   | Reached XP level 11. HP: -5/45 MP: 20/26
 24072 | Lair:4   | Noticed a four-headed hydra
 24073 | Lair:4   | Pacified a four-headed hydra
 24820 | Lair:4   | Found a staircase to the Snake Pit.
 24824 | Lair:4   | Reached skill level 10 in Conjurations
 25513 | D:9      | Killed a white ugly thing
 25912 | D:9      | Noticed a two-headed ogre
 26016 | D:9      | Found a basalt altar of Yredelemnul.
 26047 | D:9      | Killed a two-headed ogre
 26138 | D:10     | Entered Level 10 of the Dungeon
 26227 | D:10     | Noticed Joseph
 26236 | D:10     | Killed Joseph
 26262 | D:10     | You fall through a shaft for 2 floors!
 26374 | D:10     | Noticed an unseen horror
 26388 | D:10     | Killed an unseen horror
 27063 | D:10     | Noticed a tengu warrior
 27074 | D:10     | Killed a tengu warrior
 27074 | D:10     | Reached XP level 12. HP: 49/49 MP: 9/28
 27255 | D:10     | Noticed a two-headed ogre
 27263 | D:10     | Killed a two-headed ogre
 28087 | D:11     | Found a burning altar of Makhleb.
 28095 | D:11     | Learned a level 1 spell: Summon Small Mammal
 28463 | D:11     | Noticed a two-headed ogre
 28474 | D:11     | Killed a two-headed ogre
 29577 | Lair:4   | Found a staircase to the Shoals.
 29691 | Lair:4   | Noticed a five-headed hydra
 30490 | Lair:5   | Noticed a five-headed hydra
 30491 | Lair:5   | Pacified a five-headed hydra
 30511 | Lair:5   | Learned a level 1 spell: Apportation
 30586 | Lair:5   | Learned a level 2 spell: Poisonous Vapours
 31920 | Lair:5   | Found a viscous altar of Jiyva.
 31920 | Lair:5   | Found a staircase to the Slime Pits.
 32107 | Lair:6   | Entered Level 6 of the Lair of Beasts
 33018 | Lair:6   | Reached skill level 10 in Dodging
 33024 | Lair:6   | Reached XP level 13. HP: 46/52 MP: 1/30
 33830 | D:11     | Slain by a large slime creature
 33831 | D:11     | Reached XP level 12. HP: -4/49 MP: 12/29
 34452 | D:12     | Pacified a two-headed ogre
 34619 | D:12     | Reached skill level 11 in Conjurations
 35195 | D:12     | Learned a level 4 spell: Force Lance
 35199 | D:12     | Learned a level 3 spell: Ozocubu's Armour
 35259 | D:13     | Found a transporter.
 35302 | D:13     | Found a transporter.
 35974 | Orc:1    | Entered Level 1 of the Orcish Mines
 36661 | Orc:1    | Found a roughly hewn altar of Beogh.
 36928 | Orc:2    | Entered Level 2 of the Orcish Mines
 36930 | Orc:2    | Noticed a two-headed ogre
 36930 | Orc:2    | Noticed a two-headed ogre
 36931 | Orc:2    | Noticed an ogre mage
 36932 | Orc:2    | Noticed a two-headed ogre
 37108 | Orc:2    | Killed a two-headed ogre
 37238 | Orc:2    | Pacified an ogre mage
 37241 | Orc:2    | Killed an ogre mage
 37284 | Orc:2    | Killed a two-headed ogre
 37402 | Orc:2    | Noticed a two-headed ogre
 37430 | Orc:2    | Killed a two-headed ogre
 37859 | Orc:2    | Killed a two-headed ogre
 38951 | Orc:2    | Found a staircase to the Elven Halls.
 40467 | Orc:2    | Noticed Donald
 40550 | Orc:2    | Pacified Donald
 40768 | Orc:2    | Reached XP level 13. HP: 52/52 MP: 13/31
 40779 | Orc:2    | Reached skill level 10 in Invocations
 41208 | Orc:2    | Found Giudghoud's General Store.
 41208 | Orc:2    | Found Tivihi's Magic Scroll Emporium.
 41210 | Orc:2    | Found Jituakona's Armour Shoppe.
 41212 | Orc:2    | Found Lyecadia's Antique Weapon Shop.
 41228 | Orc:2    | Bought a scroll of vulnerability for 105 gold pieces
 41228 | Orc:2    | Bought a scroll of identify for 28 gold pieces
 41229 | Orc:2    | Bought a scroll of identify for 20 gold pieces
 41229 | Orc:2    | Bought a scroll of identify for 20 gold pieces
 41229 | Orc:2    | Bought a scroll of identify for 20 gold pieces
 41229 | Orc:2    | Bought a scroll of blinking for 75 gold pieces
 41229 | Orc:2    | Bought a scroll of silence for 75 gold pieces
 41254 | Orc:2    | Bought a scroll of magic mapping for 49 gold pieces
 41254 | Orc:2    | Bought a scroll of teleportation for 42 gold pieces
 41257 | Orc:2    | Bought a scroll of teleportation for 30 gold pieces
 41257 | Orc:2    | Bought a scroll of teleportation for 30 gold pieces
 41257 | Orc:2    | Bought a scroll of teleportation for 30 gold pieces
 41257 | Orc:2    | Bought a scroll of identify for 20 gold pieces
 42098 | Lair:1   | Killed Fannar
 42229 | Lair:3   | Elyvilon protects you from harm!
 42230 | Lair:3   | Elyvilon protects you from harm!
 43143 | D:6      | Bought a lamp of fire for 600 gold pieces
 43143 | D:6      | Bought a lightning rod (4/4) for 600 gold pieces
 43430 | Lair:6   | Reached skill level 12 in Conjurations
 44992 | D:9      | Bought a phial of floods for 560 gold pieces
 45507 | D:13     | Noticed Sonja
 45510 | D:13     | Pacified Sonja
 45571 | D:13     | Identified a scroll of acquirement
 45694 | D:13     | Noticed grocchini's ghost (journeyman TeAE)
 45801 | D:14     | Reached skill level 13 in Conjurations
 45940 | D:14     | Found Icsickil's General Store.
 45980 | D:14     | Learned a level 3 spell: Mephitic Cloud
 46399 | D:14     | HP: 2/52 [centaur warrior/arrow (9)]
 46400 | D:14     | Elyvilon protects you from harm!
 46822 | D:13     | Learned a level 2 spell: Passwall
 46932 | D:14     | Found a gate to the Vaults.
 47949 | D:14     | Reached XP level 14. HP: 57/57 MP: 16/32
 48086 | D:15     | Entered Level 15 of the Dungeon
 48429 | D:15     | Found a radiant altar of Vehumet.
 48879 | D:15     | Found a roughly hewn altar of Beogh.
 49624 | D:15     | Reached skill level 1 in Translocations
 49710 | D:15     | Noticed Azrael
 49899 | D:15     | Found an ornate altar of the Wu Jian Council.
 50147 | D:15     | Killed Azrael
 50575 | D:15     | Found a staircase to the Depths.
 51076 | Shoals:1 | Entered Level 1 of the Shoals
 51082 | Shoals:1 | Elyvilon protects you from harm!
 51949 | Snake:1  | Entered Level 1 of the Snake Pit
 52040 | Snake:1  | HP: 4/85 [black mamba (4)]
 55063 | Shoals:1 | Reached skill level 14 in Conjurations
 55377 | Shoals:1 | Found Tisaec's Book Shoppe.
 55943 | Shoals:1 | Noticed Kirke
 56005 | Shoals:1 | Killed Kirke
 57069 | Snake:1  | Reached XP level 15. HP: 37/60 MP: 18/34
 57529 | Snake:1  | Reached skill level 10 in Stealth
 59103 | Shoals:2 | Noticed Polyphemus
 59270 | Snake:1  | HP: 3/60 [black mamba (16)]
 59275 | Snake:1  | HP: 2/60 [poisoned by a naga (splash of poison)]
 59912 | Snake:2  | Noticed a nagaraja
 62983 | Snake:2  | Elyvilon protects you from harm!
 63310 | Snake:2  | Noticed Vashnia
 63320 | Snake:2  | Shot with a bolt by Vashnia
 63321 | Snake:2  | Reached XP level 14. HP: -14/57 MP: 27/33
 63623 | Snake:2  | Reached skill level 15 in Conjurations
 64224 | Snake:2  | Elyvilon protects you from harm!
 64885 | Snake:2  | Shot with a bolt by a naga sharpshooter
 64886 | Snake:2  | Reached XP level 13. HP: -20/54 MP: 32/32
 65396 | Shoals:2 | Hit by a death yak thrown by Polyphemus

Skill      XL: |  1  2  3  4  5  6  7  8  9 10 11 12 13 14 15 |
---------------+----------------------------------------------+-----
Spellcasting   | 3 4 6 8 11 13 14 | 14.7
Conjurations   | 4 5 6 7 8 10 11 13 15 | 15.0
Stealth        | 3 4 5 6 7 9 10 | 10.0
Dodging        | 3 4 6 9 10 11 | 11.2
Evocations     | 3 4 5 6 8 9 |  9.7
Fighting       | 1 2 3 4 |  4.4
Invocations    | 2 3 6 9 10 | 10.6
Translocations | 1 |  1.3

Action                   |  1- 3 |  4- 6 |  7- 9 | 10-12 | 13-15 || total
-------------------------+-------+-------+-------+-------+-------++-------
Melee: Unarmed           |    10 |     3 |     3 |    13 |    27 ||    56
       Bite              |     3 |       |     1 |     1 |       ||     5
 Cast: Magic Dart        |    87 |    90 |   177 |   252 |    96 ||   702
       Searing Ray       |     3 |    13 |    59 |   168 |   116 ||   359
       Iskenderun's Myst |       |       |     3 |   282 |   446 ||   731
       Conjure Flame     |       |       |       |    38 |    38 ||    76
       Dazzling Spray    |       |       |       |     1 |     4 ||     5
       Force Lance       |       |       |       |       |    16 ||    16
       Summon Small Mamm |       |       |       |       |     3 ||     3
       Apportation       |       |       |       |       |     1 ||     1
Invok: Lesser Healing    |       |       |     5 |    10 |     3 ||    18
       Divine Protection |       |       |     5 |    16 |    27 ||    48
       Heal Other        |       |       |     2 |    61 |    72 ||   135
       Purification      |       |       |       |     8 |     2 ||    10
       Greater Healing   |       |       |       |     2 |       ||     2
 Abil: Evoke Berserk Rag |       |       |       |     1 |       ||     1
Evoke: Wand              |       |       |    11 |    72 |    64 ||   147
       Phantom mirror    |       |       |       |     1 |       ||     1
       Lightning rod     |       |       |       |       |     7 ||     7
       Phial of floods   |       |       |       |       |     4 ||     4
       Lamp of fire      |       |       |       |       |     2 ||     2
  Use: Scroll            |     3 |     3 |    12 |    20 |    19 ||    57
       Potion            |     1 |     1 |     4 |     4 |    23 ||    33
 Stab: Sleeping          |       |       |       |     2 |       ||     2
       Paralysed         |       |       |       |     7 |     7 ||    14
  Eat: Chunk             |     1 |     6 |     7 |    58 |    38 ||   110
       Ration            |       |       |     6 |    12 |    16 ||    34
Armor: Skin              |     4 |     5 |    14 |    40 |    52 ||   115
Dodge: Dodged            |    42 |    29 |   162 |   464 |   544 ||  1241
Block: Other             |       |       |       |    19 |    38 ||    57
       Reflection        |       |       |       |    10 |    10 ||    20
